[Event "Titled Tuesday Blitz February 15 Early 2022"]
[White "Liyanage, Ranindu Dilshan"]
[Black "Sinitsina, Anastassia"]
[WhiteFideId "9915834"]
[BlackFideId "4504640"]
[WhiteElo "1858"]
[BlackElo "2144"]
[Result "0-1"]
[Round "07"]
[TimeControl "180+1"]
[Date "2022.02.15"]
[WhiteClock "0:00:20"]
[BlackClock "0:00:50"]

1. d4 Nf6 2. c4 g6 3. g3 Bg7 4. Bg2 O-O 5. Nf3 d6 6. O-O Nbd7 7. Qc2 e5 8. dxe5 dxe5 9. Rd1 Qe7 10. Nc3 c6 11. Nd2 Nc5 12. b4 Ne6 13. Nb3 Qxb4 14. a4 Qxc4 15. e3 Ng5 16. Ba3 Bf5 17. Qb2 Rfd8 18. Rdc1 Qg4 19. Na5 Nf3+ 20. Bxf3 Qxf3 21. Qe2 Qxe2 22. Nxe2 Rd7 23. f3 e4 24. f4 Nd5 25. Rab1 Nb6 26. Bc5 Bg4 27. Nd4 Nxa4 28. Nxb7 Rb8 29. Ra1 Nxc5 30. Nxc5 Rxd4 31. exd4 Bxd4+ 32. Kf1 Bxa1 33. Rxa1 e3 34. Nd3 Rd8 35. Ne1 Rd2 36. Rxa7 Bh3+ 37. Kg1 Re2 38. Ra1 Rf2 39. Nd3 Rg2+ 40. Kh1 Rd2 41. Ne5 e2 42. Re1 Rd1 43. Nd3 Rxd3 0-1


[Site "https://www.chess.com"]

[Event "Titled Tuesday Blitz February 15 Early 2022"]
[White "Ljukin, Sergei"]
[Black "Goryachkina, Aleksandra"]
[WhiteFideId "14102200"]
[BlackFideId "4147103"]
[WhiteElo "2312"]
[BlackElo "2426"]
[Result "0-1"]
[Round "07"]
[TimeControl "180+1"]
[Date "2022.02.15"]
[WhiteClock "0:00:01"]
[BlackClock "0:00:46"]

1. e4 e6 2. d4 d5 3. Nc3 Bb4 4. e5 c5 5. a3 Bxc3+ 6. bxc3 Ne7 7. h4 Qc7 8. h5 cxd4 9. cxd4 Qc3+ 10. Bd2 Qxd4 11. Nf3 Qe4+ 12. Be2 Nf5 13. Kf1 Nc6 14. Bd3 Qg4 15. h6 gxh6 16. Bxf5 Qxf5 17. Bxh6 Rg8 18. Qe2 Bd7 19. Rb1 O-O-O 20. Qb5 b6 21. Qa6+ Kb8 22. Be3 Bc8 23. Qb5 d4 24. Qxc6 dxe3 25. fxe3 Bb7 0-1


[Site "https://www.chess.com"]

[Event "Titled Tuesday Blitz February 15 Early 2022"]
[White "Lodici, Lorenzo"]
[Black "Fedoseev, Vladimir"]
[WhiteFideId "884189"]
[BlackFideId "24130737"]
[WhiteElo "2265"]
[BlackElo "2726"]
[Result "0-1"]
[Round "07"]
[TimeControl "180+1"]
[Date "2022.02.15"]
[WhiteClock "0:00:15"]
[BlackClock "0:00:37"]

1. e4 c5 2. Nc3 Nc6 3. Bb5 Nd4 4. Nf3 a6 5. Bd3 g6 6. Nxd4 cxd4 7. Ne2 Bg7 8. O-O e6 9. c3 dxc3 10. dxc3 Ne7 11. Bg5 h6 12. Bf4 d5 13. Qc1 e5 14. Be3 Qc7 15. f4 dxe4 16. Bxe4 Bf5 17. Bxf5 Nxf5 18. Bf2 O-O 19. Ng3 Nh4 20. Ne2 Nf5 21. Ng3 Nxg3 22. Bxg3 e4 23. f5 Qc5+ 24. Kh1 Rfe8 25. f6 Bf8 26. Qf4 Re6 27. Rae1 Rae8 28. Bf2 Qb5 29. b3 e3 30. Bg1 e2 31. Rf3 Qd5 32. Qd4 Qg5 33. Qf4 Qa5 34. Bd4 Qxa2 35. Rh3 Re4 36. Qf2 Qd2 37. Rg3 Rf4 38. Rf3 Rxd4 39. cxd4 Bb4 0-1


[Site "https://www.chess.com"]

[Event "Titled Tuesday Blitz February 15 Early 2022"]
[White "Maltsevskaya, Aleksandra"]
[Black "Gelman, Alexander"]
[WhiteFideId "24174041"]
[BlackFideId "4118316"]
[WhiteElo "2542"]
[BlackElo "2747"]
[Result "1-0"]
[Round "07"]
[TimeControl "180+1"]
[Date "2022.02.15"]
[WhiteClock "0:01:12"]
[BlackClock "0:00:01"]

1. e4 c5 2. Nf3 e6 3. d4 cxd4 4. Nxd4 a6 5. Bd3 d6 6. c4 Nf6 7. Nc3 Be7 8. O-O Bd7 9. b3 Nc6 10. Nf3 O-O 11. Bb2 Qb8 12. Qd2 Rd8 13. Rad1 b5 14. cxb5 axb5 15. Bxb5 Nxe4 16. Nxe4 Qxb5 17. Nxd6 Bxd6 18. Qxd6 Rxa2 19. Rd2 Be8 20. Qg3 e5 21. Rxd8 Nxd8 22. Bxe5 Ne6 23. Nd4 Qb7 24. Nf5 f6 25. Bxf6 Bb5 26. Re1 1-0


[Site "https://www.chess.com"]

[Event "Titled Tuesday Blitz February 15 Early 2022"]
[White "Manukyan, Artyom"]
[Black "Sargissyan, Sargis"]
[WhiteFideId "13305786"]
[BlackFideId "13303210"]
[WhiteElo "2034"]
[BlackElo "2174"]
[Result "1-0"]
[Round "07"]
[TimeControl "180+1"]
[Date "2022.02.15"]
[WhiteClock "0:00:49"]
[BlackClock "0:00:03"]

1. e4 c5 2. Nc3 Nc6 3. Bb5 Nd4 4. Nf3 Nxb5 5. Nxb5 d6 6. d4 a6 7. Nc3 cxd4 8. Qxd4 e5 9. Qb4 h6 10. Be3 Nf6 11. Bb6 Qd7 12. O-O-O Qc6 13. Nxe5 a5 14. Nxc6 axb4 15. Nxb4 Be6 16. a3 Be7 17. Nbd5 Nxd5 18. Nxd5 Bg5+ 19. Be3 Bxd5 20. Rxd5 Bxe3+ 21. fxe3 Ke7 22. Rhd1 Ra6 23. e5 dxe5 24. Rd7+ Ke6 25. Rxb7 g5 26. g4 h5 27. Rf1 hxg4 28. Rbxf7 Ra5 29. e4 Rh6 30. R1f2 Ra4 31. Rb7 Rxe4 32. Rb6+ Kd5 33. Rxh6 1-0


[Site "https://www.chess.com"]

[Event "Titled Tuesday Blitz February 15 Early 2022"]
[White "Martin, Lewis"]
[Black "Samarth, J Rao"]
[WhiteFideId "410551"]
[BlackFideId "46652370"]
[WhiteElo "2145"]
[BlackElo "1514"]
[Result "0-1"]
[Round "07"]
[TimeControl "180+1"]
[Date "2022.02.15"]
[WhiteClock "0:00:05"]
[BlackClock "0:00:41"]

1. e4 c5 2. Nf3 d6 3. d4 cxd4 4. Nxd4 Nf6 5. Nc3 a6 6. Bg5 e6 7. f4 Be7 8. Qf3 Qc7 9. O-O-O Nbd7 10. Bd3 b5 11. Rhe1 Bb7 12. Qh3 b4 13. Nd5 exd5 14. exd5 Kd8 15. Nf5 Bf8 16. Qe3 Qc5 17. Qf3 Kc7 18. Be4 Re8 19. Ng3 g6 20. f5 Bg7 21. Be3 Qa5 22. Kb1 Ne5 23. Qf2 Neg4 24. Qf3 Ne5 25. Qf2 Nxe4 26. Nxe4 Ng4 27. Qf3 Bxd5 28. a3 Rxe4 29. Bb6+ Qxb6 30. Rxe4 bxa3 31. b3 a2+ 32. Kxa2 Qa5+ 33. Ra4 Qxa4+ 0-1


[Site "https://www.chess.com"]

[Event "Titled Tuesday Blitz February 15 Early 2022"]
[White "Martinez Alcantara, Jose Eduardo"]
[Black "Gozzoli, Yannick"]
[WhiteFideId "3805662"]
[BlackFideId "616915"]
[WhiteElo "2690"]
[BlackElo "2609"]
[Result "0-1"]
[Round "07"]
[TimeControl "180+1"]
[Date "2022.02.15"]
[WhiteClock "0:02:00"]
[BlackClock "0:01:08"]

1. e4 e5 2. Nf3 Nc6 3. Bb5 a6 4. Ba4 Nf6 5. d3 d6 6. c3 g6 7. h3 Bg7 8. O-O O-O 9. Be3 Re8 10. Nbd2 b5 11. Bb3 Be6 12. a4 b4 13. a5 Bxb3 14. Qxb3 Qd7 15. Qa4 Rab8 16. c4 Nh5 17. Qd1 Nf4 18. Nb3 Ne6 19. Ng5 Nxg5 20. Bxg5 f5 21. f3 Rf8 22. Qd2 Nd8 23. Be3 f4 24. Bf2 c5 25. Rfe1 Ne6 26. Kf1 Bf6 27. Ke2 Qd8 28. Rh1 g5 29. Kd1 Rb7 30. Kc2 Rg7 31. Rag1 h5 32. Be1 Kf7 33. Bf2 Rh8 34. Kb1 Rhh7 35. Qd1 Qd7 36. g4 h4 37. Kc2 Kg6 38. Qd2 Kf7 39. Ra1 Kg6 40. Kd1 Rg8 41. Ke2 Rb8 42. Rhc1 Rhh8 43. Kf1 Rhc8 44. Ra2 Rc7 45. Kg1 Rcc8 46. Qd1 Rc7 47. Rca1 Rcc8 48. Nd2 Rc7 49. Qa4 Qxa4 50. Rxa4 Rcc8 51. Nb3 Kf7 52. R4a2 Ke7 53. Kf1 Kd7 54. Ke2 Rc7 55. Kd1 Rcc8 56. Kc2 Rc7 57. Rc1 Rcc8 58. Rd1 Rc7 59. Raa1 Rcc8 60. Re1 Rc7 61. Rf1 Rcc8 62. Rg1 Rc7 63. Rh1 Rcc8 64. Rad1 Rc7 65. Be1 Rcc8 66. Bf2 Rc7 67. Nd2 Rcc8 68. Rb1 Rc7 69. Nb3 Rcc8 70. Nc1 Nd8 71. Ra1 Ne6 72. Kd1 Rc7 73. Ke2 Rcc8 74. Rd1 Rc7 75. Kf1 Rcc8 76. Nb3 Rc7 77. Rdc1 Rcc8 78. Be1 Rc7 79. Bd2 Rcc8 80. Rcb1 Rc7 81. Nc1 Rcc8 82. Ne2 Rc7 83. Be1 Rcc8 84. b3 Nd4 85. Nxd4 exd4 86. Bf2 Be5 87. Rb2 Rc7 88. Ke2 Rcc8 89. Kd1 Rc7 90. Kc2 Rcc8 91. Rab1 Rc7 92. Ra2 Rcc8 93. Rba1 Rc7 94. Be1 Rcc8 95. Bd2 Rc7 96. Rh1 Rcc8 97. Be1 Rc7 98. Bxh4 gxh4 99. Rha1 Rg8 100. Kd1 Ke6 101. Ke2 Kf6 102. Kf1 Kg5 103. Kg2 Rb8 104. Kf1 Bf6 105. Kg2 Rbb7 106. Kf1 Kg6 107. Kg2 Kf7 108. Kf1 Ke6 109. Kf2 Kd7 110. Kf1 Ke6 111. Rg2 Bg5 112. Re2 Ke5 113. Rea2 Rc6 114. Ke2 Rcc7 115. Kd1 Rc6 116. Kc1 Rcc7 117. Kc2 Rc6 118. Rd1 Rcc7 119. Raa1 Rc6 120. Kb1 Rcc7 121. Kb2 Rc6 122. Ka2 Rcc7 123. Rf1 Rc6 124. Rfe1 Rcc7 125. Kb1 Rc6 126. Re2 Rcc7 127. Rea2 Rc6 128. Ra4 Rcc7 129. R1a2 Rc6 130. Rb2 Rcc7 131. Rc2 Rc6 132. Kc1 Rcc7 133. Kd1 Rc6 134. Rca2 Rcc7 135. Rxb4 Rxb4 0-1


[Site "https://www.chess.com"]

[Event "Titled Tuesday Blitz February 15 Early 2022"]
[White "Maung, Maung Kyaw Zaw Hein"]
[Black "Kirillov, Dmitry"]
[WhiteFideId "13001698"]
[BlackFideId "34180572"]
[WhiteElo "1785"]
[BlackElo "2076"]
[Result "1/2-1/2"]
[Round "07"]
[TimeControl "180+1"]
[Date "2022.02.15"]
[WhiteClock "0:01:22"]
[BlackClock "0:00:23"]

1. Nf3 Nf6 2. c4 b6 3. d4 e6 4. Nc3 Bb4 5. Bg5 h6 6. Bxf6 Qxf6 7. Rc1 Bb7 8. e3 O-O 9. Be2 d6 10. O-O Nd7 11. a3 Bxc3 12. Rxc3 e5 13. dxe5 Nxe5 14. Nxe5 Qxe5 15. Bf3 Bxf3 16. Qxf3 Rae8 17. Rd1 Qe4 18. Qxe4 Rxe4 19. b4 Re5 20. g3 Rfe8 21. Rd4 a5 22. Kg2 f5 23. c5 axb4 24. axb4 bxc5 25. bxc5 Rxc5 26. Rxc5 dxc5 27. Rd5 g6 28. Rxc5 Re7 29. Rc6 Kf7 30. h4 Kg7 31. Kf3 h5 32. Kf4 Re4+ 33. Kf3 Re7 34. Kf4 Re4+ 35. Kf3 Re7 1/2-1/2


[Site "https://www.chess.com"]

[Event "Titled Tuesday Blitz February 15 Early 2022"]
[White "Mejia, Cherry Ann"]
[Black "Loy, Konstantin"]
[WhiteFideId "5206880"]
[BlackFideId "14122499"]
[WhiteElo "2007"]
[BlackElo "2084"]
[Result "1/2-1/2"]
[Round "07"]
[TimeControl "180+1"]
[Date "2022.02.15"]
[WhiteClock "0:00:20"]
[BlackClock "0:00:06"]

1. e4 c5 2. Nc3 Nc6 3. g3 g6 4. d3 Bg7 5. Bg2 e6 6. Be3 d6 7. Qd2 Rb8 8. Nge2 Nd4 9. Nc1 b5 10. Nd1 b4 11. c3 bxc3 12. bxc3 Nc6 13. Ne2 Qa5 14. O-O Nge7 15. Bh6 O-O 16. Bxg7 Kxg7 17. Ne3 Ba6 18. Rfb1 Ne5 19. Nc1 Qa3 20. f4 N5c6 21. d4 cxd4 22. cxd4 Qa5 23. Qxa5 Nxa5 24. Bf1 Bxf1 25. Kxf1 d5 26. exd5 Nxd5 27. Nxd5 exd5 28. Nd3 Nc4 29. Kf2 Rfe8 30. Rb3 Rb6 31. Rab1 Re4 32. Ne5 Rxd4 33. Nxc4 Rxb3 34. axb3 dxc4 35. bxc4 Rxc4 36. Ra1 Rc7 37. Ra6 h5 38. Kf3 Kf8 39. h3 Ke7 40. g4 hxg4+ 41. hxg4 Kd8 42. Ke4 Kc8 43. Ke5 Kb7 44. Ra1 Rc6 45. f5 gxf5 46. Kxf5 a6 47. g5 Kb6 48. Re1 a5 49. Re7 Rc7 50. Kf6 Rxe7 51. Kxe7 a4 52. Kxf7 a3 53. g6 a2 54. g7 a1=Q 55. g8=Q Qf1+ 56. Kg7 Qg2+ 57. Kf8 Qxg8+ 58. Kxg8 1/2-1/2


[Site "https://www.chess.com"]

[Event "Titled Tuesday Blitz February 15 Early 2022"]
[White "Mikhailovsky, Vladimir"]
[Black "Vovk, Orest"]
[WhiteFideId "34105414"]
[BlackFideId "14113490"]
[WhiteElo "2739"]
[BlackElo "2540"]
[Result "1-0"]
[Round "07"]
[TimeControl "180+1"]
[Date "2022.02.15"]
[WhiteClock "0:00:19"]
[BlackClock "0:00:03"]

1. d4 e5 2. dxe5 Nc6 3. Nf3 Qe7 4. Nc3 Nxe5 5. Nd5 Nxf3+ 6. gxf3 Qd8 7. Bf4 d6 8. e4 Be6 9. Bc4 c6 10. Ne3 Qa5+ 11. c3 O-O-O 12. Qb3 Bxc4 13. Nxc4 Qh5 14. O-O-O Qxf3 15. Bg3 Qxe4 16. Rhe1 Qf5 17. Bxd6 Bxd6 18. Nxd6+ Rxd6 19. Re8+ Kc7 20. Rxd6 Kxd6 21. Qxb7 Qg5+ 22. Kc2 Qf5+ 23. Kc1 Qg5+ 24. Kd1 Qg4+ 25. Ke1 Qg1+ 26. Ke2 Qg4+ 27. Kf1 Qd1+ 28. Kg2 Qg4+ 29. Kf1 Qd1+ 30. Re1 Qd3+ 31. Kg1 Nf6 32. Qe7+ Kd5 33. Re5+ Kc4 34. Qc5# 1-0


[Site "https://www.chess.com"]

[Event "Titled Tuesday Blitz February 15 Early 2022"]
[White "Milanovic, Marko"]
[Black "Dauner, Benedikt"]
[WhiteFideId "980129"]
[BlackFideId "16225899"]
[WhiteElo "1976"]
[BlackElo "2230"]
[Result "0-1"]
[Round "07"]
[TimeControl "180+1"]
[Date "2022.02.15"]
[WhiteClock "0:00:29"]
[BlackClock "0:01:31"]

1. e4 Nf6 2. e5 Nd5 3. Nf3 d6 4. d4 g6 5. c4 Nb6 6. h3 Bg7 7. exd6 cxd6 8. Nc3 O-O 9. Be2 Nc6 10. O-O Bf5 11. Be3 d5 12. c5 Nc4 13. Bc1 b6 14. b3 bxc5 15. bxc4 cxd4 16. Nxd5 d3 17. Bxd3 Bxd3 18. Qxd3 Bxa1 19. Ba3 Bg7 20. Re1 Re8 21. Qe4 e6 22. Ne3 Nd4 23. Ne5 Qa5 24. N3g4 f5 25. Qe3 Nc2 0-1


[Site "https://www.chess.com"]

[Event "Titled Tuesday Blitz February 15 Early 2022"]
[White "Milosevic, Milos"]
[Black "Yuan, Qingyu"]
[WhiteFideId "964875"]
[BlackFideId "8609772"]
[WhiteElo "2198"]
[BlackElo "2359"]
[Result "0-1"]
[Round "07"]
[TimeControl "180+1"]
[Date "2022.02.15"]
[WhiteClock "0:00:36"]
[BlackClock "0:01:23"]

1. g3 d5 2. Bg2 e5 3. d3 c5 4. e4 d4 5. f4 Nc6 6. Nf3 Bd6 7. O-O Nge7 8. f5 h5 9. f6 gxf6 10. Nh4 Ng6 11. Nf5 Bf8 12. h4 Be6 13. Bf3 Qd7 14. Bxh5 O-O-O 15. a4 Be7 16. Na3 Rdg8 17. Kh2 Nf4 18. Rxf4 exf4 19. Bxf4 Bxf5 20. exf5 Qxf5 21. Bxf7 Rxh4+ 22. Kg2 Qh3+ 23. Kf2 Rxf4+ 0-1


[Site "https://www.chess.com"]

[Event "Titled Tuesday Blitz February 15 Early 2022"]
[White "Mirzoev, Azer"]
[Black "Vokhidov, Shamsiddin"]
[WhiteFideId "13400304"]
[BlackFideId "14204223"]
[WhiteElo "2525"]
[BlackElo "2611"]
[Result "0-1"]
[Round "07"]
[TimeControl "180+1"]
[Date "2022.02.15"]
[WhiteClock "0:00:17"]
[BlackClock "0:00:22"]

1. d4 Nf6 2. Nf3 d5 3. Bf4 c5 4. e3 Nc6 5. c3 Qb6 6. Qc2 g6 7. Nbd2 Bg7 8. Be2 O-O 9. O-O Bf5 10. Qb3 c4 11. Qxb6 axb6 12. Ne5 b5 13. a3 Rfe8 14. h3 Nd7 15. Nxd7 Bxd7 16. Nf3 f6 17. Bh2 Kf7 18. Rad1 Red8 19. Rfe1 Bf5 20. g4 Bc8 21. Bf1 h5 22. gxh5 gxh5 23. Bg2 Bh6 24. e4 dxe4 25. Rxe4 Bf5 26. Ree1 Rg8 27. Kh1 Bc2 28. Ra1 Na5 29. Rg1 Rxg2 30. Rxg2 Be4 31. Nh4 Bg5 32. f3 Bd5 33. Nf5 Bxf3 34. Re1 Nc6 35. Kg1 Bxg2 36. Kxg2 Rd8 37. h4 Bd2 38. Re2 Bc1 39. Rc2 Rd5 40. Nxe7 Nxe7 41. Rxc1 Nf5 42. Kh3 Rd8 43. Rf1 Ke6 44. Bf4 Rg8 45. Re1+ Kd5 46. Re8 Rxe8 0-1


[Site "https://www.chess.com"]

[Event "Titled Tuesday Blitz February 15 Early 2022"]
[White "Mischuk, Dmitry"]
[Black "Nguyen Hong Nhung"]
[WhiteFideId "14118734"]
[BlackFideId "12412201"]
[WhiteElo "2256"]
[BlackElo "1661"]
[Result "0-1"]
[Round "07"]
[TimeControl "180+1"]
[Date "2022.02.15"]
[WhiteClock "0:00:03"]
[BlackClock "0:01:05"]

1. e4 c5 2. d4 cxd4 3. Nf3 Nf6 4. e5 Nd5 5. Nxd4 Nc6 6. f4 d6 7. Nxc6 bxc6 8. c4 Nc7 9. Qf3 Bb7 10. Nc3 g6 11. Be3 Bg7 12. O-O-O O-O 13. h4 Qc8 14. exd6 exd6 15. Rxd6 Rd8 16. Rxd8+ Qxd8 17. Be2 Rb8 18. h5 Bxc3 19. bxc3 c5 20. Qf2 Be4 21. Rd1 Rb1# 0-1


[Site "https://www.chess.com"]

[Event "Titled Tuesday Blitz February 15 Early 2022"]
[White "Miszler, Levente"]
[Black "Grineva, Marianna"]
[WhiteFideId "763276"]
[BlackFideId "14102013"]
[WhiteElo "1966"]
[BlackElo "1954"]
[Result "1/2-1/2"]
[Round "07"]
[TimeControl "180+1"]
[Date "2022.02.15"]
[WhiteClock "0:00:22"]
[BlackClock "0:00:11"]

1. d4 Nf6 2. Nf3 g6 3. Nc3 Bg7 4. e4 d6 5. Be3 a6 6. h3 b5 7. Qd2 Bb7 8. Bh6 Bxh6 9. Qxh6 b4 10. Nd5 Nxe4 11. Nxb4 Nf6 12. c3 Nc6 13. Nxc6 Bxc6 14. Be2 Rb8 15. b3 a5 16. O-O Qc8 17. Rfe1 Qf5 18. Bc4 Bxf3 19. gxf3 Qxf3 20. Re3 Qh5 21. Qg7 Kd7 22. Rxe7+ Kc6 23. Qxf6 Qxh3 24. Bf1 Qg4+ 25. Bg2+ Kb6 26. Rxf7 h5 27. Qf3 Qxf3 28. Bxf3 g5 29. Re1 g4 30. Bg2 h4 31. Rg7 h3 32. Bd5 Rh4 33. Kh2 Rf8 34. Rf7 Rxf7 35. Bxf7 Rh7 36. Be6 Re7 37. Re2 Rg7 38. Re4 c5 39. Rxg4 Re7 40. d5 Rh7 41. f4 Rh5 42. f5 Rh6 43. Rg6 Rh4 44. f6 Rf4 45. f7 Rf3 46. Rg8 Rf2+ 47. Kxh3 c4 48. f8=Q Rxf8 49. Rxf8 cxb3 50. axb3 Kc5 51. Rc8+ Kb6 52. Rc6+ Kb5 53. Rxd6 a4 54. bxa4+ Kxa4 55. Rb6 Ka5 56. c4 Kxb6 57. Kg4 Kc5 58. Kf5 Kd6 59. Ke4 Kc5 60. Ke5 Kb6 61. d6 Kc6 62. Bd5+ Kd7 63. c5 Kd8 64. c6 Kc8 65. Ke6 Kd8 66. c7+ Kc8 67. Ke7 1/2-1/2


[Site "https://www.chess.com"]

[Event "Titled Tuesday Blitz February 15 Early 2022"]
[White "Molina, Roberto Junio Brito"]
[Black "Balaji, Aaravamudhan"]
[WhiteFideId "2109450"]
[BlackFideId "436224"]
[WhiteElo "2785"]
[BlackElo "2611"]
[Result "1-0"]
[Round "07"]
[TimeControl "180+1"]
[Date "2022.02.15"]
[WhiteClock "0:00:08"]
[BlackClock "0:00:07"]

1. d4 b6 2. e4 Bb7 3. Bd3 e6 4. Nf3 d5 5. e5 c5 6. c3 Qd7 7. O-O Ne7 8. Re1 Ng6 9. h4 Be7 10. h5 Nf8 11. h6 g6 12. Bg5 Bxg5 13. Nxg5 Qe7 14. Qg4 Nfd7 15. Nd2 Nc6 16. Ndf3 O-O-O 17. a3 Kb8 18. b4 c4 19. Bc2 Rde8 20. a4 Qf8 21. Qh4 Nd8 22. Nh2 a6 23. Ng4 Qe7 24. g3 f6 25. exf6 Nxf6 26. Ne5 Nd7 27. Nxd7+ Qxd7 28. Nf3 Nf7 29. Ne5 Nxe5 30. Rxe5 Qf7 31. Rae1 Rhf8 32. f4 Bc6 33. a5 bxa5 34. bxa5 Ka7 35. Qh3 Bd7 36. Bd1 Re7 37. Bf3 Rfe8 38. Bg4 Bc8 39. Qh4 Rb7 40. Qh3 Rbe7 41. Kg2 Qf6 42. R1e2 Qf7 43. Qh4 Rb7 44. Qg5 Qc7 45. Bxe6 Bxe6 46. Rxe6 Rxe6 47. Rxe6 Qxa5 48. Kh3 Rd7 49. Qf6 Qa1 50. Qe5 Qh1+ 51. Kg4 Qd1+ 52. Kg5 Qa4 53. Re7 Qc6 54. Rxd7+ Qxd7 55. Kf6 a5 56. g4 a4 57. f5 a3 58. fxg6 Qc6+ 59. Qe6 Qxe6+ 60. Kxe6 a2 61. gxh7 a1=Q 62. h8=Q Qe1+ 63. Kxd5 Qxc3 64. Qg7+ Kb6 65. h7 Qf3+ 66. Kd6 Qc6+ 67. Ke5 c3 68. h8=Q c2 69. Qb8+ Ka5 70. Qga7+ Qa6 71. Qbb6+ 1-0


[Site "https://www.chess.com"]

[Event "Titled Tuesday Blitz February 15 Early 2022"]
[White "Murthy, Pappu"]
[Black "Redzisz, Michal"]
[WhiteFideId "2013401"]
[BlackFideId "21816107"]
[WhiteElo "1936"]
[BlackElo "1961"]
[Result "1-0"]
[Round "07"]
[TimeControl "180+1"]
[Date "2022.02.15"]
[WhiteClock "0:00:07"]
[BlackClock "0:00:03"]

1. c4 e6 2. e4 Ne7 3. Nc3 g6 4. g3 Bg7 5. Bg2 c5 6. Nge2 Nbc6 7. O-O O-O 8. d3 d6 9. Rb1 f5 10. a3 a5 11. Be3 h6 12. Qd2 Kh7 13. d4 cxd4 14. Nxd4 Nxd4 15. Bxd4 e5 16. Be3 Be6 17. exf5 Nxf5 18. Bxb7 Nxe3 19. fxe3 Rxf1+ 20. Rxf1 Bxc4 21. Rf2 Rb8 22. Bd5 Bxd5 23. Qxd5 Qg5 24. Qd3 d5 25. Nxd5 e4 26. Qc4 Rd8 27. Nf4 Rd1+ 28. Kg2 Qe7 29. b4 axb4 30. axb4 Rb1 31. b5 Qe5 32. Qf7 Rxb5 33. Qxg6+ Kg8 34. Ne6 Rb7 35. Qe8+ Kh7 36. Nf8+ Bxf8 37. Qxe5 Rb1 1-0


[Site "https://www.chess.com"]

[Event "Titled Tuesday Blitz February 15 Early 2022"]
[White "Musovic, Armin"]
[Black "Topalov, Aleksandar"]
[WhiteFideId "939935"]
[BlackFideId "925659"]
[WhiteElo "2250"]
[BlackElo "2098"]
[Result "1-0"]
[Round "07"]
[TimeControl "180+1"]
[Date "2022.02.15"]
[WhiteClock "0:02:54"]
[BlackClock "0:02:14"]

1. a3 Nf6 2. Nc3 g6 3. e4 d6 4. d4 Nbd7 5. Bg5 Bg7 6. f4 e5 7. dxe5 dxe5 8. fxe5 Nxe5 9. Qxd8+ Kxd8 10. Nd5 Nd7 11. O-O-O 1-0


[Site "https://www.chess.com"]

[Event "Titled Tuesday Blitz February 15 Early 2022"]
[White "Namitbir Singh Walia"]
[Black "Howell, David W L"]
[WhiteFideId "35071068"]
[BlackFideId "410608"]
[WhiteElo "1479"]
[BlackElo "2559"]
[Result "0-1"]
[Round "07"]
[TimeControl "180+1"]
[Date "2022.02.15"]
[WhiteClock "0:01:07"]
[BlackClock "0:02:20"]

1. e4 e5 2. Nf3 Nf6 3. Nxe5 d6 4. Nf3 Nxe4 5. Nc3 Nf6 6. d4 Be7 7. d5 O-O 8. Bd3 Re8 9. O-O Nbd7 10. Be3 Nc5 11. Bxc5 dxc5 12. h3 a6 13. a4 Bd6 14. Re1 Bd7 15. Qd2 h6 16. Ne4 Nxe4 17. Bxe4 Qf6 18. c4 Re7 19. Re2 Rae8 20. Rae1 Bxa4 21. Nh2 Bd7 22. Ng4 Qf4 23. Qxf4 Bxf4 24. g3 Bd6 25. Bd3 h5 26. Rxe7 Rxe7 27. Rxe7 Bxe7 28. Ne5 Bxh3 0-1


[Site "https://www.chess.com"]

[Event "Titled Tuesday Blitz February 15 Early 2022"]
[White "Narayanan.S.L"]
[Black "Maze, Sebastien"]
[WhiteFideId "5058422"]
[BlackFideId "613762"]
[WhiteElo "2494"]
[BlackElo "2462"]
[Result "1-0"]
[Round "07"]
[TimeControl "180+1"]
[Date "2022.02.15"]
[WhiteClock "0:00:58"]
[BlackClock "0:00:11"]

1. Nf3 Nf6 2. g3 g6 3. Bg2 Bg7 4. O-O O-O 5. Re1 d5 6. d3 c5 7. Nbd2 Nc6 8. e4 e6 9. c3 b6 10. e5 Nd7 11. d4 Ba6 12. Nb3 cxd4 13. cxd4 Nb4 14. Re3 Rc8 15. Rc3 Bc4 16. h4 a5 17. Bg5 f6 18. exf6 Bxf6 19. a3 Nc6 20. Nbd2 Ba6 21. Rac1 Bb7 22. Qe2 Qe7 23. Bh3 Rfe8 24. Re1 Nf8 25. Re3 Bxg5 26. hxg5 Nd8 27. Nf1 Rc6 28. Ne5 Rc7 29. f4 Nf7 30. Nxf7 Qxf7 31. Nh2 Rc4 32. Ng4 Qg7 33. Nf6+ Kf7 34. Bxe6+ 1-0


[Site "https://www.chess.com"]

[Event "Titled Tuesday Blitz February 15 Early 2022"]
[White "Navara, David"]
[Black "Sarana, Alexey"]
[WhiteFideId "309095"]
[BlackFideId "24133795"]
[WhiteElo "2686"]
[BlackElo "2665"]
[Result "0-1"]
[Round "07"]
[TimeControl "180+1"]
[Date "2022.02.15"]
[WhiteClock "0:00:07"]
[BlackClock "0:01:44"]

1. e4 c5 2. Nf3 d6 3. Bb5+ Bd7 4. Bxd7+ Nxd7 5. O-O e6 6. b3 Be7 7. Bb2 Bf6 8. d4 cxd4 9. Bxd4 Ne7 10. c4 Ne5 11. Nxe5 dxe5 12. Bc5 Nc6 13. Nc3 Be7 14. Qxd8+ Rxd8 15. Bxe7 Kxe7 16. Rfd1 Nd4 17. f3 g5 18. Kf2 h5 19. Ne2 Nc2 20. Rab1 Nb4 21. a3 Nd3+ 22. Ke3 Nc5 23. b4 Na4 24. c5 Rxd1 25. Rxd1 Nb2 26. Rc1 Rd8 27. Nc3 Nc4+ 28. Kf2 Rd2+ 29. Ne2 Nxa3 30. Ke1 Rb2 31. c6 bxc6 32. Rxc6 Kf6 33. Ra6 Nb5 34. Ra4 Rxe2+ 35. Kxe2 Nc3+ 0-1


[Site "https://www.chess.com"]

[Event "Titled Tuesday Blitz February 15 Early 2022"]
[White "Nesterov, Arseniy"]
[Black "Terry, Renato"]
[WhiteFideId "24198455"]
[BlackFideId "3803457"]
[WhiteElo "2489"]
[BlackElo "2577"]
[Result "0-1"]
[Round "07"]
[TimeControl "180+1"]
[Date "2022.02.15"]
[WhiteClock "0:00:03"]
[BlackClock "0:00:10"]

1. d4 d5 2. c4 c6 3. Nc3 Nf6 4. e3 a6 5. Qc2 b5 6. b3 g6 7. Bd3 Bg7 8. Nf3 O-O 9. O-O Nbd7 10. a4 dxc4 11. bxc4 b4 12. Nb1 a5 13. Nbd2 e5 14. Bb2 Re8 15. h3 exd4 16. exd4 Nf8 17. Nb3 Ne6 18. Rfe1 Nf4 19. Bf1 Bf5 20. Qd2 Bh6 21. Rxe8+ Qxe8 22. Qe1 Ne4 23. Bc1 g5 24. Bxf4 gxf4 25. Ne5 Nc3 26. Bd3 Bg6 27. Bxg6 hxg6 28. Nd3 Qd7 29. Qe5 f3 30. Ndc5 Qd8 31. Ne4 Bg7 0-1


[Site "https://www.chess.com"]

[Event "Titled Tuesday Blitz February 15 Early 2022"]
[White "Nguyen, Ngoc Truong Son"]
[Black "Ezat, Mohamed"]
[WhiteFideId "12401110"]
[BlackFideId "10600906"]
[WhiteElo "2819"]
[BlackElo "2625"]
[Result "1-0"]
[Round "07"]
[TimeControl "180+1"]
[Date "2022.02.15"]
[WhiteClock "0:01:24"]
[BlackClock "0:00:38"]

1. e4 c6 2. d4 d5 3. exd5 cxd5 4. Bd3 Nc6 5. c3 Qc7 6. Ne2 Bg4 7. Na3 e6 8. Nb5 Qd7 9. Bf4 Rc8 10. a4 a6 11. Na3 Bd6 12. f3 Bh5 13. Nc2 Bg6 14. Ne3 Nf6 15. Bg3 O-O 16. O-O e5 17. dxe5 Nxe5 18. Bxg6 hxg6 19. Nd4 Rfe8 20. Re1 Nh5 21. Bxe5 Bxe5 22. g3 Nxg3 23. hxg3 Bxg3 24. Re2 Qh3 25. Nf1 Bf4 26. Qe1 Kf8 27. Qf2 Rxe2 28. Nxe2 Re8 29. Nxf4 1-0


[Site "https://www.chess.com"]